 Dungeon Crawl Stone Soup version 0.20-a0-548-g4f8a798 (webtiles) character file.

4214 krabocopter the Carver (level 10, -10/80 HPs)
             Began as a Demonspawn Gladiator on Feb 1, 2017.
             Was a Follower of Ru.
             Killed from afar by a manticore (19 damage)
             ... with a volley of spikes
             ... on level 11 of the Dungeon.
             The game lasted 00:42:24 (10256 turns).

krabocopter the Carver (Demonspawn Gladiator)      Turns: 10256, Time: 00:42:25

Health: -10/80     AC: 13    Str: 20    XL:     10   Next: 9%
Magic:  10/10      EV: 12    Int: 10    God:    Ru [*.....]
Gold:   564        SH:  3    Dex: 16    Spells: 9/9 levels left

rFire    . . .     SeeInvis +   s - +1 scimitar (flame)
rCold    + . .     Gourm    +   H - +1 scale mail {MR+}
rNeg     . . .     Faith    .   G - +0 buckler
rPois    .         Spirit   .   (helmet restricted)
rElec    .         Reflect  .   r - +0 cloak (curse)
rCorr    .         Harm     .   t - +0 pair of gloves
MR       +....                  v - +0 pair of boots
Stlth    ..........             I - amulet of the gourmand
Regen    0.3/turn               a - +4 ring of strength
                                g - ring of see invisible

@: barbed spikes
A: antennae 2, icy blue scales 2, cold resistance 1, powered by death 1,
freezing cloud immunity, inexperienced 1
a: Renounce Religion


You were on level 11 of the Dungeon.
You worshipped Ru.
Ru was aware of your devotion.
You were completely stuffed.

You visited 2 branches of the dungeon, and saw 12 of its levels.

You collected 564 gold pieces.

Inventory:

Hand Weapons
 s - a +1 scimitar of flaming (weapon)
Missiles
 d - 3 throwing nets (quivered)
Armour
 r - a cursed +0 cloak (worn)
 t - a +0 pair of gloves (worn)
 v - a +0 pair of boots (worn)
 G - a +0 buckler (worn)
 H - a +1 scale mail of magic resistance (worn)
Jewellery
 a - a +4 ring of strength (right hand)
 g - a ring of see invisible (left hand)
 i - a +4 ring of slaying {unknown}
 n - an uncursed ring of magical power
 E - an uncursed ring of flight
 I - an amulet of the gourmand (around neck)
Wands
 p - a wand of enslavement (9/24)
 C - a wand of polymorph (11/24)
Scrolls
 b - a scroll of holy word
 e - 5 scrolls of identify
 k - 3 scrolls of blinking {unknown}
 l - a scroll of recharging {unknown}
 m - 2 scrolls of fear {unknown}
 q - 2 scrolls of remove curse {unknown}
 u - 3 scrolls of enchant armour {unknown}
 w - 2 scrolls of immolation {unknown}
 x - 5 scrolls of teleportation
 y - 3 scrolls of random uselessness {unknown}
 A - a scroll of enchant weapon {unknown}
 F - a scroll of amnesia {unknown}
Potions
 c - 2 potions of flight
 h - a potion of cancellation
 B - a potion of berserk rage {unknown}
 D - a potion of magic
Books
 o - Sif Muna's Almanac of the Traveller
   (You found it on level 2 of the Dungeon)

   Spells                             Type                      Level
   a - Apportation                    Translocation                1
Comestibles
 f - 8 bread rations
 j - 5 royal jellies
 z - 2 meat rations
 K - 7 chunks of flesh


   Skills:
 - Level 8.1 Fighting
 + Level 8.4 Long Blades
   Level 4.4(6.3) Axes
   Level 6.8(8.1) Polearms
   Level 4.4(6.3) Staves
 - Level 1.7 Throwing
 - Level 5.6 Dodging


You had 9 spell levels left.
You didn't know any spells.

Dungeon Overview and Level Annotations

Branches:
Dungeon (11/15)            Temple (1/1) D:4            Lair (0/6) D:8
    Orc (0/2) D:9

Altars:
Ashenzari
Cheibriados
Dithmenos
Elyvilon
Fedhas
Gozag
Hepliaklqana
Kikubaaqudgha
Makhleb
Nemelex Xobeh
Okawaru
Qazlal
Ru
Sif Muna
Trog
Uskayaw
Vehumet
Xom
Yredelemnul
Zin
The Shining One

Shops:
D:4 *

Annotations:
D:10 Sonja


Innate Abilities, Weirdness & Mutations

You have a pair of antennae on your head.
You are mostly covered in icy blue scales. (AC +3)
Your flesh is cold resistant. (rC+)
You regenerate a little health from kills.
You are immune to freezing clouds.
You are somewhat inexperienced. (-2 XL)


Message History

* * * LOW HITPOINT WARNING * * *
The barbs in your skin will harm you if you move.
Continue?
Okay, then.
Unknown command.
The barbs in your skin will harm you if you move.
Continue?
Okay, then.
The orc hits you but does no damage.
The orc priest begins to pray, but is stunned by your will!
The manticore flicks its tail.
The volley of spikes hits you!
You completely miss the orc. The orc hits you but does no damage.
The manticore flicks its tail.
The volley of spikes hits you!
You closely miss the orc. You block the orc's attack.
The orc wizard gestures wildly while chanting.
The orc wizard flickers and vanishes for a moment.
The manticore flicks its tail.
The volley of spikes hits you!
The barbed spikes become lodged in your body.
You die...

##..# #..##
##o.# ##Oo##
##.H## ###..##
#..)## #.o.#
#.@## #)รท#
##.# #.# #.##
#..# #..###
#####
##(...####...##
#.............#


You could see a two-headed ogre, a manticore, an orc priest, an orc wizard
(invisible) and an orc.

Vanquished Creatures
  Erolcha (D:10)
  Erica (D:9)
  Pikel (D:5)
  2 hippogriffs (D:10)
  Sigmund (D:5)
  3 yaks (D:10)
  A basilisk (D:8)
  Eustachio (D:4)
  A hungry ghost (D:8)
  3 wargs (D:9)
  2 slaves (D:5)
  A sky beast (D:5)
  3 orc warriors
  A phantom (D:10)
  A necrophage (D:9)
  4 centaurs
  A gnoll sergeant (D:7)
  2 bullfrogs
  Dowan (D:4)
  9 killer bees
  11 wights
  A howler monkey (D:9)
  3 crimson imps
  2 jellies
  A quasit (D:8)
  5 hounds
  A centaur zombie (D:8)
  2 bullfrog skeletons
  Crazy Yiuf (D:2)
  Terence (D:2)
  9 orc priests
  4 iguanas
  5 orc wizards
  A worker ant (D:6)
  A hound zombie (D:10)
  A hound skeleton (D:9)
  A howler monkey skeleton (D:8)
  9 gnolls
  10 adders
  A shadow imp (D:6)
  An adder zombie (D:9)
  2 adder skeletons
  5 worms
  2 dart slugs
  6 leopard geckos
  27 orcs
  2 ball pythons (D:2)
  7 bats
  6 giant cockroaches
  8 goblins
  6 hobgoblins
  A quokka (shapeshifter) (D:4)
  6 quokkas
  5 frilled lizards
  7 kobolds
  A leopard gecko skeleton (D:5)
  A leopard gecko zombie (D:8)
  A quokka zombie (D:5)
  4 rats
208 creatures vanquished.

Vanquished Creatures (others)
  Duvessa (D:4)
  A slave (D:5)
  An orc wizard (D:11)
3 creatures vanquished.

Grand Total: 211 creatures vanquished

Notes
Turn   | Place    | Note
-------+----------+-------------------------------------------
     0 | D:1      | krabocopter the Demonspawn Gladiator began the quest for the Orb.
     0 | D:1      | Reached XP level 1. HP: 16/16 MP: 1/1
   341 | D:1      | Gained mutation: Your flesh is cold resistant. (rC+) [demonic ancestry]
   341 | D:1      | Reached XP level 2. HP: 18/22 MP: 2/2
   951 | D:2      | Found a radiant altar of Vehumet.
   956 | D:2      | Found an ancient bone altar of Kikubaaqudgha.
   957 | D:2      | Found a deep blue altar of Sif Muna.
   968 | D:2      | Identified Sif Muna's Almanac of the Traveller
  1003 | D:2      | Gained mutation: You are partially covered in icy blue scales. (AC +2) [demonic ancestry]
  1003 | D:2      | Reached XP level 3. HP: 21/28 MP: 3/3
  1400 | D:2      | Found a runed door.
  1404 | D:2      | Noticed Crazy Yiuf
  1417 | D:2      | HP: 1/28 [Crazy Yiuf/quarterstaff of chaos (6)]
  1421 | D:2      | Killed Crazy Yiuf
  1421 | D:2      | Gained mutation: You regenerate a little health from kills. [demonic ancestry]
  1421 | D:2      | Reached XP level 4. HP: 10/35 MP: 4/4
  1720 | D:2      | Noticed Terence
  1732 | D:2      | Killed Terence
  1998 | D:3      | Gained mutation: You have a pair of small antennae on your head. [demonic ancestry]
  1998 | D:3      | Reached XP level 5. HP: 41/41 MP: 5/5
  2426 | D:4      | Reached skill level 1 in Staves
  2647 | D:4      | Noticed Duvessa
  2647 | D:4      | Noticed Dowan
  2678 | D:4      | Killed Duvessa
  2678 | D:4      | Reached XP level 6. HP: 18/49 MP: 6/6
  2689 | D:4      | Killed Dowan
  3017 | D:4      | Found a white marble altar of Elyvilon.
  3023 | D:4      | Found a shattered altar of Ashenzari.
  3114 | D:4      | Noticed Eustachio
  3120 | D:4      | Killed Eustachio
  3120 | D:4      | Reached skill level 5 in Fighting
  3120 | D:4      | Gained mutation: You are mostly covered in icy blue scales. (AC +3) [demonic ancestry]
  3120 | D:4      | Reached XP level 7. HP: 40/56 MP: 7/7
  3162 | D:4      | Found a glowing silver altar of Zin.
  4253 | D:4      | Reached skill level 1 in Polearms
  4305 | D:4      | Found Nuofyih's General Store.
  4317 | D:4      | Found a staircase to the Ecumenical Temple.
  4339 | Temple   | Entered the Ecumenical Temple
  4474 | D:5      | Entered Level 5 of the Dungeon
  4715 | D:5      | Noticed Pikel
  4723 | D:5      | Gained mutation: You are immune to freezing clouds. [demonic ancestry]
  4723 | D:5      | Reached XP level 8. HP: 65/65 MP: 8/8
  4745 | D:5      | Killed Pikel
  4992 | D:5      | Noticed Sigmund
  5002 | D:5      | Killed Sigmund
  5729 | D:5      | Reached XP level 9. HP: 43/74 MP: 9/9
  6013 | D:7      | Reached skill level 5 in Polearms
  6207 | D:7      | Found a basalt altar of Yredelemnul.
  6207 | D:7      | Found a bloodstained altar of Trog.
  6210 | D:7      | Found a sacrificial altar of Ru.
  6212 | D:7      | Found an opulent altar of Gozag.
  6213 | D:7      | Found a stormy altar of Qazlal.
  6219 | D:7      | Became a worshipper of Ru the Awakened
  6243 | D:7      | Noticed a two-headed ogre
  6442 | D:8      | Noticed an elephant
  6554 | D:8      | Found a shadowy altar of Dithmenos.
  6992 | D:8      | Found a staircase to the Lair.
  6995 | D:8      | Noticed Erica
  7043 | D:9      | Killed Erica
  7043 | D:9      | Reached skill level 5 in Dodging
  7238 | D:9      | Got a bloodstained rapier
  7290 | D:9      | Reached skill level 1 in Long Blades
  7469 | D:9      | Gained mutation: You are somewhat inexperienced. (-2 XL) [Ru sacrifice]
  7469 | D:9      | Reached XP level 8. HP: 56/68 MP: 8/8
  7469 | D:9      | Reached XP level 7. HP: 56/62 MP: 7/7
  7469 | D:9      | Reached * piety under Ru
  7572 | D:9      | Reached XP level 8. HP: 63/68 MP: 8/8
  7588 | D:9      | Noticed a two-headed ogre
  7601 | D:10     | Entered Level 10 of the Dungeon
  8014 | D:10     | Reached skill level 5 in Long Blades
  8291 | D:10     | Noticed Sonja
  8299 | D:10     | HP: 2/68 [Sonja/uncursed short sword of distortion (2)]
  8304 | D:10     | Noticed a hippogriff
  8310 | D:10     | Killed a hippogriff
  8310 | D:10     | Reached XP level 9. HP: 21/74 MP: 9/9
  9208 | D:9      | Found a staircase to the Orcish Mines.
  9975 | D:10     | Noticed Erolcha
 10051 | D:10     | Killed Erolcha
 10051 | D:10     | Gained mutation: You have a pair of antennae on your head. [demonic ancestry]
 10051 | D:10     | Reached XP level 10. HP: 48/79 MP: 10/10
 10233 | D:11     | Noticed a manticore
 10244 | D:11     | HP: 3/79 [manticore (12)]
 10246 | D:11     | Noticed a two-headed ogre
 10256 | D:11     | Killed from afar by a manticore

Vault maps used:
D:1:      onia_arrival_pentagram
D:2:      grunt_temple_overflow_magic_moments, uniq_terence,
          uniq_crazy_yiuf_cottage
D:3:      kennysheep_generic_room_16
D:4:      zin_statuary, minitemple, minmay_temple_entry_enclosed_plants,
          first_bread, serial_shops, shop, uniq_eustachio, uniq_duvessa
D:5:      uniq_sigmund, uniq_pikel
D:7:      kennysheep_windowed_halls, grunt_temple_overflow_open, serial_shops,
          shop, serial_co_window_serial, co_window_paths_b, co_window_corner_a,
          co_window_corner_a, co_window_corner_a, co_window_paths_a,
          co_window_paths_a, co_window_paths_a, co_window_paths_a,
          co_window_of_opportunity_a, co_window_broadway_a,
          co_window_of_opportunity_b, co_window_of_opportunity_b,
          glass_columns_b, glass_columns_a, glass_columns_a, grunt_livestock
D:8:      nicolae_dithmenos_the_darkroom, david_lair_generic, uniq_erica
D:9:      nicolae_whirlpool, minmay_orc_entry_guard_dogs
D:10:     grunt_ministairs_7, serial_park_tiny_1, uniq_erolcha, uniq_sonja
Temple:   compressed_dpeg_triangle_lava_temple

Skill      XL: |  1  2  3  4  5  6  7  8  9 |
---------------+----------------------------+-----
Axes           | 3 4 |  4.4
Fighting       | 3 4 5 6 8 |  8.1
Staves         | 2 3 4 |  4.4
Polearms       | 1 4 6 |  6.8
Dodging        | 3 5 |  5.6
Long Blades    | 5 8 |  8.4
Throwing       | |  1.7

Action                   |  1- 3 |  4- 6 |  7- 9 | 10-12 || total
-------------------------+-------+-------+-------+-------++-------
Melee: War axe           |   111 |       |       |       ||   111
       Quarterstaff      |       |   125 |    74 |       ||   199
       Spear             |       |       |   376 |       ||   376
       Scimitar          |       |       |   264 |    23 ||   287
Invok: Sacrifice Experie |       |       |     1 |       ||     1
  Use: Potion            |     2 |     8 |     9 |     1 ||    20
       Scroll            |       |       |     5 |       ||     5
 Stab: Sleeping          |       |     2 |     1 |       ||     3
  Eat: Chunk             |     2 |     5 |    41 |     1 ||    49
Armor: Leather armour    |    33 |    30 |   123 |       ||   186
       Skin              |       |    23 |    16 |       ||    39
       Scale mail        |       |       |   167 |    16 ||   183
Dodge: Dodged            |    91 |    63 |   408 |    16 ||   578
Block: Buckler           |       |       |    79 |     9 ||    88
       Rpst.: Scimitar   |       |       |    55 |     1 ||    56
